 Dungeon Crawl Stone Soup version 0.27-a0-362-g8331d791d5 (webtiles) character file.

Game seed: 8346824807438557252

114 Chiseanne the Bolt Thrower (level 4, -4/34 HPs)
             Began as a Demonspawn Wanderer on Feb 16, 2021.
             Was an Initiate of Vehumet.
             Slain by a white imp (5 damage)
             ... on level 5 of the Dungeon.
             The game lasted 00:10:55 (2468 turns).

Chiseanne the Bolt Thrower (Demonspawn Wanderer)    Turns: 2468, Time: 00:10:55

Health: -4/34      AC:  5    Str: 12    XL:     4   Next: 66%
Magic:  6/6        EV: 11    Int: 17    God:    Vehumet [......]
Gold:   291        SH:  0    Dex: 10    Spells: 5/6 levels left

rFire    . . .     SeeInvis .   a - +0 quarterstaff
rCold    . . .     Faith    .   (shield currently unavailable)
rNeg     . . .     Spirit   .   f - +0 leather armour
rPois    .         Reflect  .   (no helmet)
rElec    .         Harm     .   (no cloak)
rCorr    .         Rampage  .   (no gloves)
Will     .....                  h - +1 pair of boots
Stlth    +.........             c - amulet of magic regeneration
HPRegen  0.11/turn              (no ring)
MPRegen  0.35/turn              (no ring)

@: lethally poisoned (-4 -> -8), attractive
A: ignite blood 1
a: Renounce Religion


You were on level 5 of the Dungeon.
You worshipped Vehumet.
Vehumet was noncommittal.
You visited 1 branch of the dungeon, and saw 5 of its levels.

You collected 291 gold pieces.

Inventory:

Hand Weapons
 a - a +0 quarterstaff (weapon)
 d - a +0 hunting sling
 w - a +4 hand crossbow
Missiles
 b - 16 bolts
 g - 29 arrows
 i - 31 stones (quivered)
 k - 53 sling bullets
 o - 2 atropa-tipped darts
Armour
 f - a +0 leather armour (worn)
 h - a +1 pair of boots (worn)
 p - a +3 ring mail
Jewellery
 c - an amulet of magic regeneration (around neck)
Scrolls
 r - a scroll of amnesia
Potions
 l - a potion of attraction
 n - 2 potions of brilliance


   Skills:
 * Level 2.6 Fighting
 - Level 2.6 Crossbows
 * Level 1.1 Armour
 * Level 1.4 Dodging
 - Level 1.0 Shields
 * Level 1.7 Spellcasting
 * Level 1.9 Transmutations
 - Level 1.0 Ice Magic
 * Level 1.5 Poison Magic
 - Level 1.0 Evocations


You had 5 spell levels left.
You knew the following spells:

 Your Spells              Type           Power        Failure   Level
a - Sting                 Tmut/Pois      28%          12%         1

Your spell library contained the following spells:

 Spells                   Type           Power        Failure   Level
 Spider Form              Tmut/Pois      3%           36%         3


Dungeon Overview and Level Annotations

Branches:
Dungeon (5/15)             Temple (0/1) D:5

Altars:
Elyvilon
Okawaru
Vehumet
Yredelemnul

Annotations:
D:4 exclusion: statue


Innate Abilities, Weirdness & Mutations

Your demonic aura sometimes causes spilled blood to erupt in flames


Message History

The scorpion barely misses you.
The white imp shouts, "Scamper away, thou gorbellied bat-fowling hedge-pig!"
The white imp gestures at you. The puff of frost hits you!
* * * LOW HITPOINT WARNING * * *
The quokka is pulled toward you! The orc is pulled toward you!
The quokka bites you.
* * * LOW HITPOINT WARNING * * *
The quokka misses you. The orc is pulled toward you!
The orc is pulled toward you!
It was a potion of ambrosia.
You are confused.
You feel invigorated. The orc closely misses you.
The quokka closely misses you. The scorpion closely misses you.
The white imp closely misses you. The quokka closely misses you.
The scorpion barely misses you.
You bump into the rock wall.
You feel less invigorated.
You feel less confused. The scorpion stings you!
You are poisoned.
The scorpion poisons you!
You feel sick. The orc misses you.
You feel sick.
The quokka bites you but does no damage.
You hit the scorpion but do no damage. The orc barely misses you.
The quokka bites you. The scorpion closely misses you.
The white imp is pulled toward you!
You hit the orc.
The orc is moderately wounded.
You feel sick. The orc closely misses you. The quokka bites you.
* * * LOW HITPOINT WARNING * * *
The scorpion stings you but does no damage.
The white imp misses you. The quokka bites you.
* * * LOW HITPOINT WARNING * * *
The orc is pulled toward you! The white imp hits you.
* * * LOW HITPOINT WARNING * * *
The white imp freezes you.
You die...

.........##......
#.......!.##......
#.........# #.....
#.........###.....
#.........##r.....
#.........##......
#.s.......##......
#.5...............
#@°o.........#...#
##or.........#####
##.....######
#######


You could see a scorpion, a white imp, 2 orcs and a quokka.

Vanquished Creatures
  A howler monkey skeleton (D:5)
  3 adders
  An adder skeleton (D:5)
  2 worms (D:3)
  2 dart slugs
  8 orcs
  2 goblins
  3 hobgoblins
  9 jackals
  3 kobolds
  2 quokkas
  A ball python (D:4)
  12 bats
  2 frilled lizards
  4 rats
55 creatures vanquished.

Vanquished Creatures (others)
  3 toadstools (D:1)
3 creatures vanquished.

Grand Total: 58 creatures vanquished

Notes
Turn   | Place    | Note
-------+----------+-------------------------------------------
     0 | D:1      | Chiseanne the Demonspawn Wanderer began the quest for the
                  | Orb.
     0 | D:1      | Chiseanne set off with the following items: a +2 hand
                  | crossbow, 28 bolts, a wand of random effects (15), a +0
                  | robe; and the following spell memorised: Sting; and the
                  | following spells available to memorise: Spider Form
     0 | D:1      | Reached XP level 1. HP: 16/16 MP: 2/2
   230 | D:1      | Gained mutation: Your demonic aura sometimes causes spilled
                  | blood to erupt in flames [demonic ancestry]
   230 | D:1      | Reached XP level 2. HP: 20/22 MP: 3/3
   952 | D:3      | Reached XP level 3. HP: 18/28 MP: 3/5
   966 | D:3      | Reached skill level 1 in Dodging
   971 | D:3      | Reached skill level 1 in Poison Magic
  1371 | D:3      | Reached XP level 4. HP: 34/34 MP: 6/6
  1649 | D:4      | Found an iron altar of Okawaru.
  1699 | D:4      | Found a basalt altar of Yredelemnul.
  1780 | D:4      | Found a white marble altar of Elyvilon.
  1823 | D:4      | Reached skill level 1 in Armour
  1858 | D:4      | Found a radiant altar of Vehumet.
  1858 | D:4      | Noticed a frost-covered statue
  1864 | D:4      | Became a worshipper of Vehumet
  1990 | D:5      | Entered Level 5 of the Dungeon
  2199 | D:5      | Noticed a phantom
  2201 | D:5      | Found a staircase to the Ecumenical Temple.
  2429 | D:4      | Found Adilur's Book Boutique.
  2439 | D:4      | You fall into a shaft and drop 1 floor!
  2468 | D:5      | HP: 1/34 [white imp (2)]
  2468 | D:5      | Slain by a white imp

Illustrated notes

Levels and vault maps discovered:
D:1:      minmay_arrival_stone_box, layout_rooms, serial_corexii_hall,
          corexii_hall_statues_s, corexii_hall_statues_l,
          chequers_hall_statues_y, corexii_hall_statues_i,
          corexii_hall_statues_x, chequers_hall_statues_corner_a,
          minmay_gold_behind_fungi
D:2:      layout_basic
D:3:      layout_loops_corners
D:4:      layout_cave_pools, kennysheep_ying_yang, vehumet_statue,
          okawaru_trees_1, serial_shops, nicolae_shop_crystal
D:5:      lemuel_upstairs_altar, layout_rooms, minmay_temple_entry_mist,
          uniq_blork_the_orc

Skill      XL: |  1  2  3  4 |
---------------+-------------+-----
Dodging        | 1 |  1.4
Poison Magic   | 1 |  1.5
Armour         | 1 |  1.1
Fighting       | |  2.6
Crossbows      | |  2.6
Shields        | |  1.0
Spellcasting   | |  1.7
Transmutations | |  1.9
Ice Magic      | |  1.0
Evocations     | |  1.0

Action                   |  1- 3 |  4- 6 || total
-------------------------+-------+-------++-------
Melee: Flail             |    42 |       ||    42
       Quarterstaff      |     4 |    71 ||    75
 Fire: Hand crossbow     |    65 |     7 ||    72
  Use: Scroll            |     6 |     4 ||    10
       Potion            |       |     6 ||     6
Armor: Ring mail         |    49 |    31 ||    80
       Robe              |     1 |       ||     1
       Leather armour    |       |    26 ||    26
Dodge: Dodged            |    51 |    89 ||   140

Table legend: (Time is in decaauts)
 A = Elapsed time spent in this place.
 B = Non-inter-level travel time spent in this place.
 C = Inter-level travel time spent in this place.
 D = Time resting spent in this place.
 E = Time spent auto-exploring this place.
 F = Levels seen in this place.
 G = Mean time per level.
                   A        B        C        D        E       F      G
               +--------+--------+--------+--------+--------+-----+--------+
         Total |   2533 |   2470 |     63 |    551 |    638 |   5 |  506.6 |
       Dungeon |   2533 |   2470 |     63 |    551 |    638 |   5 |  506.6 |
               +--------+--------+--------+--------+--------+-----+--------+

Top non-repeatable levels by time:
     D:1: 851 daAuts
     D:3: 703 daAuts
     D:4: 641 daAuts
     D:5: 179 daAuts
     D:2: 156 daAuts
